 Dungeon Crawl Stone Soup version 0.27-b1-42-g19c61b19a5 (webtiles) character file.

Game seed: 620835727302719044

27717 hawla the Destroyer (level 13, -18/70 HPs)
             Began as a Deep Elf Conjurer on July 29, 2021.
             Was a High Priest of Vehumet.
             Demolished by a boulder beetle (42 damage)
             ... on level 12 of the Dungeon.
             The game lasted 00:54:00 (16618 turns).

hawla the Destroyer (Deep Elf Conjurer)            Turns: 16618, Time: 00:54:01

Health: -18/70     AC: 11    Str: 10    XL:     13   Next: 5%
Magic:  24/31      EV: 18    Int: 29    God:    Vehumet [*****.]
Gold:   452        SH:  5    Dex: 13    Spells: 18/36 levels left

rFire    + . .     SeeInvis .   F - staff of conjuration
rCold    + . .     Faith    .   (no shield)
rNeg     . . .     Spirit   .   k - +1 leather armour {rC+ rF+}
rPois    .         Reflect  +   N - +0 helmet
rElec    .         Harm     .   g - +0 cloak
rCorr    .         Rampage  .   o - +2 pair of gloves
Will     +....                  I - +0 pair of boots
Stlth    +++.......             L - amulet of Wonles {Reflect Slay+5 SH+5}
HPRegen  0.21/turn              h - +4 ring of evasion
MPRegen  0.22/turn              x - +6 ring of strength

@: studying Armour
A: no striking features
a: Renounce Religion


You were on level 12 of the Dungeon.
You worshipped Vehumet.
Vehumet was extremely pleased with you.
You visited 2 branches of the dungeon, and saw 14 of its levels.
You also visited: Sewer, Ossuary and Ice Cave.

You collected 662 gold pieces.
You spent 210 gold pieces at shops.

Inventory:

Missiles
 e - 7 boomerangs
 j - 69 poisoned darts
Armour
 g - a +0 cloak (worn)
 k - a +1 leather armour of resistance (worn)
 m - a +1 robe of willpower
 o - a +2 pair of gloves (worn)
 y - +0 steam dragon scales
 C - the +1 leather armour of the Everdark {rElec rPois rN++ Stlth-}
   (You bought it in a shop on level 2 of the Dungeon)

   rElec:     It insulates you from electricity.
   rPois:     It protects you from poison.
   rN:        It greatly protects you from negative energy.
   Stlth:     It makes you less stealthy.
 I - a +0 pair of boots (worn)
 K - a +0 troll leather armour
 N - a +0 helmet (worn)
Magical Staves
 F - a staff of conjuration (weapon)
Jewellery
 a - an amulet of the acrobat
 h - a +4 ring of evasion (left hand)
 x - a +6 ring of strength (right hand)
 J - a ring of protection from cold
 L - the amulet of Wonles (around neck) {Reflect Slay+5 SH+5}
   (You acquired it in an ice cave)

   [amulet of reflection]

   It reflects blocked missile attacks.
   Slay:      It affects your accuracy & damage with ranged weapons and melee
   (+5).
   SH:        It affects your SH (+5).
 M - a ring of see invisible
 Q - a ring of fire
Wands
 u - a wand of flame (2)
 E - a wand of acid (2) (quivered)
 O - a wand of digging (6)
 P - a wand of paralysis (12)
Scrolls
 n - a scroll of silence
 s - a scroll of brand weapon
 t - a scroll of enchant weapon
 v - 3 scrolls of magic mapping
 w - 2 scrolls of fog
 A - 3 scrolls of teleportation
 B - 2 scrolls of immolation
 D - 3 scrolls of identify
 R - a scroll of enchant armour
Potions
 b - a potion of brilliance
 c - 4 potions of curing
 d - a potion of ambrosia
 f - 2 potions of resistance
 i - 3 potions of haste
 l - a potion of magic
 p - 5 potions of might
 q - 4 potions of heal wounds
 r - 6 potions of mutation {unknown}
 z - a potion of attraction
 G - a potion of berserk rage
 H - 2 potions of cancellation {unknown}


   Skills:
 + Level 3.7 Fighting
 + Level 4.2 Staves
 + Level 5.1 Throwing
 + Level 5.8 Armour
 - Level 8.0 Dodging
 + Level 5.6 Stealth
 - Level 12.0 Spellcasting
 + Level 14.1 Conjurations
 + Level 10.7 Translocations
 + Level 0.7 Fire Magic
 + Level 1.3 Earth Magic
 + Level 2.5 Evocations


You had 18 spell levels left.
You knew the following spells:

 Your Spells              Type           Power      Damage    Failure   Level
a - Magic Dart            Conj           100%       1d8       0%          1
b - Searing Ray           Conj           100%       3d7       0%          2
c - Iskenderun's Mystic   Conj/Tloc      94%        2d18      1%          4
d - Bolt of Magma         Conj/Fire/Erth 32%        4d14      3%          5
e - Dispersal             Tloc           34%        N/A       7%          6

Your spell library contained the following spells:

 Spells                   Type           Power      Damage    Failure   Level
 Eringya's Noxious Bog    Tmut/Pois      8%         N/A       78%         6
 Poisonous Vapours        Pois/Air       34%        N/A       1%          2
 Dazzling Flash           Conj/Hex       100%       N/A       1%          3
 Gell's Gravitas          Tloc           34%        N/A       1%          3
 Lesser Beckoning         Tloc           34%        N/A       1%          3
 Mephitic Cloud           Conj/Pois/Air  61%        N/A       1%          3
 Teleport Other           Tloc           68%        N/A       1%          3
 Fulminant Prism          Conj/Hex       36%        3d18      1%          4
 Passage of Golubria      Tloc           N/A        N/A       1%          4
 Lightning Bolt           Conj/Air       36%        1d54      1%          5
 Ignite Poison            Fire/Tmut/Pois 18%        N/A       3%          3
 Freezing Cloud           Conj/Ice/Air   30%        6-21      4%          5
 Corpse Rot               Necr/Air       N/A        N/A       6%          2
 Airstrike                Air            8%         N/A       11%         4
 Dispel Undead            Necr           17%        3d10      36%         4
 Summon Lightning Spire   Summ/Air       17%        N/A       36%         4
 Death Channel            Necr           8%         N/A       99%         6
 Statue Form              Tmut/Erth      14%        N/A       99%         6


Dungeon Overview and Level Annotations

Branches:
Dungeon (13/15)            Temple (1/1) D:6             Orc (0/2) D:11
  Sewer (visited)         Ossuary (visited)           IceCv (visited)
   Lair: D:8-11      Vaults: D:13-14

Altars:
Ashenzari
Cheibriados
Dithmenos
Elyvilon
Fedhas
Gozag
Hepliaklqana
Kikubaaqudgha
Makhleb
Nemelex Xobeh
Okawaru
Qazlal
Ru
Sif Muna
Trog
Uskayaw
Vehumet
Wu Jian
Xom
Yredelemnul
Zin
The Shining One

Shops:
D:2 *   D:3 !   D:6 (   D:12 :

Annotations:
D:3 dig the glass house


Message History

Casting: Iskenderun's Mystic Blast (safe; 1% risk of failure)
Confirm with . or Enter, or press ? or * to list all spells.
Aiming: Searing Ray (safe; 0% risk of failure)
Press: ? - help, Shift-Dir - straight line, f/p - shadow
Aim: a shadow (almost destroyed, 83% to hit)
You feel a surge of power!
The searing ray hits the shadow!
You destroy the shadow!
Vehumet accepts your kill. (Press . to maintain the ray.)
Your Earth Magic skill increases to level 1!
Okay, then.
Okay, then.
Found 6 large rocks.
You now have 452 gold pieces (gained 16).
A boulder beetle comes into view.
A boulder beetle is nearby!
A boulder beetle is nearby!
The boulder beetle curls into a ball and begins rolling!
Casting: Searing Ray (safe; 0% risk of failure)
Confirm with . or Enter, or press ? or * to list all spells.
You can't see any susceptible monsters within range! (Use Z to cast anyway.) Unknown command.
The boulder beetle hits you!!!
Ouch! That really hurt!
* * * LOW HITPOINT WARNING * * *
The boulder beetle stops rolling and uncurls.
Casting: Searing Ray (safe; 0% risk of failure)
Confirm with . or Enter, or press ? or * to list all spells.
You feel a surge of power!
You erupt in a blast of force!
The mystic blast hits the boulder beetle but does no damage.
You block the boulder beetle's attack.
Casting: Iskenderun's Mystic Blast (safe; 1% risk of failure)
Confirm with . or Enter, or press ? or * to list all spells.
The boulder beetle disappears!
You start resting.
A vampire comes into view.
The boulder beetle curls into a ball and begins rolling!
The boulder beetle hits you!!!
Ouch! That really hurt!
You die...

.............
#.............................
#.........................)...
##....# #..^..............)....
###....# #.....................
.......# #................)....
.......## ##................)..).
.....?..###...................(.[
.........V......@B......†......÷÷
..................○............÷.
...................°°...........[
.................................
.................................
........###......................
.......## ##......)..............
.......# #.....................
###....# ##.....................


You could see a boulder beetle (rolling) and a vampire.

Vanquished Creatures
  Rupert (D:12)
  Azrael (D:12)
  A boulder beetle (D:11)
  A vault guard (D:13)
  4 two-headed ogres
  2 skeletal warriors (D:11)
  2 wizards (D:13)
  2 necromancers (D:13)
  A manticore (D:12)
  2 cyclopes
  2 ugly things (IceCv)
  Joseph (D:8)
  3 ice statues (IceCv)
  A gargoyle (D:10)
  Maggie (D:8)
  A komodo dragon (D:12)
  2 anaconda simulacra (IceCv)
  5 trolls
  3 slime creatures (D:12)
  A hornet (D:8)
  2 shadows
  A vampire (D:11)
  3 fire elementals (D:12)
  4 yaks (D:8)
  19 humans (D:13)
  2 steam dragons
  Edmund (D:5)
  2 acid dragons
  5 hell hounds (D:12)
  2 water moccasins
  Duvessa (D:7)
  9 orc warriors
  3 ice beasts
  3 hornet zombies
  6 ogres
  5 centaurs
  3 phantoms
  6 bullfrogs
  3 kobold brigands
  A gnoll sergeant (D:10)
  2 scorpions
  2 wyvern zombies
  Dowan (D:7)
  2 two-headed ogre simulacra (D:12)
  A water moccasin zombie (D:5)
  13 killer bees
  2 vampire bats (D:10)
  A howler monkey (D:5)
  4 centaur zombies
  3 hounds (D:5)
  8 orc priests
  A centaur skeleton (D:7)
  An iguana (D:6)
  7 orc wizards
  4 polar bear simulacra (IceCv)
  A troll simulacrum (D:12)
  2 spriggan simulacra (D:12)
  2 wolf simulacra
  2 hound zombies (D:5)
  12 mummies (Ossuary)
  A howler monkey zombie (D:6)
  3 gnolls (D:10)
  9 adders
  2 naga simulacra (D:12)
  3 river rats (D:4)
  A white imp (D:6)
  A worm zombie (D:7)
  A worm (D:2)
  2 dart slugs
  19 orcs
  6 bats
  A bat skeleton (D:10)
  5 bat zombies (D:10)
  3 endoplasms (D:1)
  2 giant cockroaches (D:1)
  4 goblins
  11 hobgoblins
  15 jackals
  5 quokkas
  14 ball pythons
  9 frilled lizards
  4 gnoll skeletons (Ossuary)
  2 goblin skeletons (Ossuary)
  35 kobolds
  2 kobold skeletons (Ossuary)
  6 rats
  11 rat skeletons (Ossuary)
366 creatures vanquished.

Vanquished Creatures (collateral kills)
  A troll (D:12)
  A slime creature (D:12)
2 creatures vanquished.

Vanquished Creatures (others)
  18 plants (Sewer)
18 creatures vanquished.

Grand Total: 386 creatures vanquished

Notes
Turn   | Place    | Note
-------+----------+-------------------------------------------
     0 | D:1      | hawla the Deep Elf Conjurer began the quest for the Orb.
     0 | D:1      | Reached XP level 1. HP: 10/10 MP: 6/6
   156 | D:1      | Reached XP level 2. HP: 16/16 MP: 5/8
   159 | D:1      | Learned a level 2 spell: Searing Ray
   188 | D:1      | Reached skill level 1 in Translocations
   214 | D:1      | Found a faded altar of an unknown god.
   541 | D:1      | Reached skill level 1 in Fighting
   956 | D:1      | Reached XP level 3. HP: 20/20 MP: 6/9
  1444 | D:2      | Found Kicycebe's Assorted Antiques.
  2189 | D:2      | Reached skill level 5 in Conjurations
  2428 | D:3      | Reached XP level 4. HP: 25/25 MP: 6/10
  2436 | D:3      | Learned a level 4 spell: Iskenderun's Mystic Blast
  2494 | D:3      | Found Bikidghosirgh's Distillery.
  2731 | D:3      | Noticed an ogre
  2739 | D:3      | Killed an ogre
  2740 | D:3      | Reached XP level 5. HP: 30/30 MP: 2/11
  3465 | D:4      | Noticed a phantom
  3473 | D:4      | Killed a phantom
  3474 | D:4      | Reached skill level 6 in Conjurations
  3495 | D:4      | Reached XP level 6. HP: 30/35 MP: 4/12
  3599 | D:4      | Found a glowing drain.
  3655 | Sewer    | Entered a sewer
  4785 | D:4      | Found a hazy altar of Hepliaklqana.
  5163 | D:5      | Entered Level 5 of the Dungeon
  5434 | D:5      | Reached XP level 7. HP: 36/40 MP: 3/15
  5517 | D:5      | Noticed Edmund
  5519 | D:5      | Reached skill level 7 in Conjurations
  5647 | D:5      | Found a sparkling altar of Nemelex Xobeh.
  5652 | D:5      | Learned a level 3 spell: Lesser Beckoning
  5654 | D:5      | Found a radiant altar of Vehumet.
  5657 | D:5      | Found a snail-covered altar of Cheibriados.
  5664 | D:5      | Became a worshipper of Vehumet
  5670 | D:5      | Found an iron altar of Okawaru.
  6076 | D:5      | Reached skill level 5 in Spellcasting
  6266 | D:5      | Killed Edmund
  6267 | D:5      | Reached skill level 5 in Translocations
  6440 | D:5      | Reached XP level 8. HP: 44/44 MP: 7/19
  7059 | D:6      | Reached skill level 8 in Conjurations
  7059 | D:6      | Reached skill level 1 in Evocations
  7402 | D:6      | Found a staircase to the Ecumenical Temple.
  7435 | D:6      | Found Cuptoec's Antique Weapon Shoppe.
  7460 | D:6      | Reached * piety under Vehumet
  7460 | D:6      | Offered knowledge of Shock by Vehumet.
  7644 | D:6      | Reached XP level 9. HP: 49/49 MP: 18/22
  7744 | Temple   | Entered the Ecumenical Temple
  8148 | D:7      | Found a sand-covered staircase.
  8157 | Ossuary  | Entered an ossuary
  8340 | Ossuary  | Reached skill level 5 in Dodging
  8535 | Ossuary  | Offered knowledge of Sandblast by Vehumet.
  8535 | Ossuary  | Reached ** piety under Vehumet
  8936 | D:2      | Bought a smoking leather armour for 210 gold pieces
  8936 | D:2      | Identified the +1 leather armour of the Everdark {rElec
                  | rPois rN++ Stlth-} (You bought it in a shop on level 2 of
                  | the Dungeon)
  9235 | D:7      | Reached skill level 9 in Conjurations
  9329 | D:7      | Reached skill level 5 in Stealth
  9435 | D:7      | Noticed Duvessa
  9436 | D:7      | Noticed Dowan
  9441 | D:7      | Killed Duvessa
  9443 | D:7      | Killed Dowan
  9444 | D:7      | Reached skill level 1 in Armour
  9445 | D:7      | You fall into a shaft and drop 2 floors!
  9588 | D:8      | Noticed Maggie
  9982 | D:8      | Noticed Joseph
  9991 | D:8      | Killed Joseph
  9997 | D:8      | Killed Maggie
  9998 | D:8      | Reached XP level 10. HP: 54/54 MP: 7/25
 10019 | D:8      | Reached skill level 10 in Spellcasting
 10274 | D:8      | Reached skill level 10 in Conjurations
 10519 | D:8      | Offered knowledge of Poisonous Vapours by Vehumet.
 10710 | D:8      | Noticed a two-headed ogre
 10719 | D:8      | Killed a two-headed ogre
 10720 | D:8      | Reached skill level 1 in Staves
 11445 | D:9      | Reached *** piety under Vehumet
 12444 | D:10     | Entered Level 10 of the Dungeon
 12543 | D:10     | Noticed a gargoyle
 12547 | D:10     | Killed a gargoyle
 12557 | D:10     | Reached XP level 11. HP: 39/59 MP: 21/28
 13152 | D:10     | Found an ancient bone altar of Kikubaaqudgha.
 13153 | D:10     | Offered knowledge of Ignite Poison by Vehumet.
 13350 | D:11     | Noticed a skeletal warrior
 13352 | D:11     | Noticed a skeletal warrior
 13353 | D:11     | Noticed a skeletal warrior
 13375 | D:11     | Killed a skeletal warrior
 13502 | D:11     | Reached skill level 11 in Conjurations
 13508 | D:11     | Killed a skeletal warrior
 13624 | D:11     | Found a staircase to the Orcish Mines.
 13924 | D:11     | Noticed a boulder beetle
 13972 | D:11     | Killed a boulder beetle
 13973 | D:11     | Reached skill level 5 in Armour
 14146 | D:11     | You fall into a shaft and drop 2 floors!
 14264 | D:13     | Reached skill level 1 in Throwing
 14637 | D:13     | Reached **** piety under Vehumet
 14642 | D:13     | Noticed a two-headed ogre
 14657 | D:13     | Killed a two-headed ogre
 14660 | D:13     | Noticed a two-headed ogre
 14664 | D:13     | Killed a two-headed ogre
 14722 | D:13     | Noticed a two-headed ogre
 14730 | D:13     | Killed a two-headed ogre
 14730 | D:13     | Offered knowledge of Mephitic Cloud by Vehumet.
 14932 | D:13     | Reached skill level 12 in Conjurations
 14962 | D:13     | Noticed a wizard
 14968 | D:13     | Noticed a necromancer
 14968 | D:13     | Noticed a wizard
 14968 | D:13     | Killed a wizard
 14969 | D:13     | Reached XP level 12. HP: 62/64 MP: 30/30
 14977 | D:13     | Noticed a vault guard
 15001 | D:13     | Killed a vault guard
 15043 | D:12     | Found a frozen archway.
 15048 | D:12     | Noticed Rupert
 15053 | D:12     | Identified 2 scrolls of acquirement
 15053 | D:12     | Acquired Fieggeut's Papyrus of the Mountains and the
                  | Traveller
 15058 | D:12     | Noticed Azrael
 15063 | D:12     | Reached skill level 13 in Conjurations
 15063 | D:12     | Reached ***** piety under Vehumet
 15075 | D:12     | Reached skill level 10 in Translocations
 15077 | D:12     | Killed Rupert
 15078 | D:12     | Reached skill level 5 in Throwing
 15082 | D:12     | Killed Azrael
 15082 | D:12     | Offered knowledge of Eringya's Noxious Bog by Vehumet.
 15086 | IceCv    | Entered an ice cave
 15333 | IceCv    | Learned a level 5 spell: Bolt of Magma
 15340 | IceCv    | Learned a level 6 spell: Dispersal
 16031 | IceCv    | Reached skill level 14 in Conjurations
 16115 | IceCv    | Reached XP level 13. HP: 70/70 MP: 18/31
 16199 | IceCv    | Acquired the amulet of Wonles {Reflect Slay+5 SH+5}
 16507 | D:12     | Found Leha's Book Shop.
 16534 | D:12     | Reached skill level 1 in Earth Magic
 16618 | D:12     | Demolished by a boulder beetle

Illustrated notes

Levels and vault maps discovered:
D:1:      sevenhm_arrival_forest_fort_large_4, layout_loops_ring,
          ebering_ecumenical_altar_petrified, minmay_pentomino_q4
D:2:      layout_basic, serial_shops, nicolae_shop_overgrown_old_shop,
          kennysheep_generic_room_7
D:3:      layout_rooms, serial_shops, shop_fountains, minmay_misc_feat_rows,
          st_stairs_3, due_unseen_surprise
D:4:      layout_cave_pools, mainiacjoe_overflow_boulevard, portal_sewer_entry_c
D:5:      layout_rooms, grunt_temple_overflow_cloverleaf, uniq_edmund
D:6:      layout_cave_pools, minmay_temple_entry_mist, serial_shops,
          nicolae_square_shop, minmay_manual_maat
D:7:      layout_loops_ring, enter_ossuary_3, uniq_duvessa
D:8:      layout_basic, serial_glass, glass_columns_c, glass_columns_b,
          glass_columns_a, glass_columns_a, glass_columns_a, glass_columns_b,
          uniq_maggie, uniq_joseph
D:9:      layout_grid_maze
D:10:     layout_cave_pools, kennysheep_vampire_church
D:11:     layout_loops_ring, dpeg_lair_monsters, david_orc_3
D:12:     layout_big_octagon, serial_shops, nicolae_stop_n_shop_2,
          portal_ice_cave_entry_ice_simulacra, uniq_azrael, uniq_rupert
D:13:     layout_long_grid, grunt_vaults_entry_tiered, minmay_between
Temple:   eino_temple_scatter_basement

Skill      XL: |  1  2  3  4  5  6  7  8  9 10 11 12 13 |
---------------+----------------------------------------+-----
Translocations | 1 2 3 4 5 6 7 9 10 | 10.7
Fighting       | 1 2 3 |  3.7
Conjurations   | 5 6 7 8 9 10 12 14 | 14.1
Spellcasting   | 4 6 7 9 11 12 | 12.0
Stealth        | 3 4 5 |  5.6
Dodging        | 3 4 5 7 8 |  8.0
Evocations     | 1 2 |  2.5
Armour         | 3 4 5 |  5.8
Staves         | 2 3 4 |  4.2
Throwing       | 3 5 |  5.1
Earth Magic    | 1 |  1.3
Fire Magic     | |  0.7

Action                   |  1- 3 |  4- 6 |  7- 9 | 10-12 | 13-15 || total
-------------------------+-------+-------+-------+-------+-------++-------
Melee: Unarmed           |       |    31 |    23 |     4 |       ||    58
       Quarterstaff      |       |       |       |    27 |       ||    27
       Staff             |       |       |       |    55 |       ||    55
Throw: Dart              |       |       |       |    18 |       ||    18
       Boomerang         |       |       |       |     2 |       ||     2
 Cast: Magic Dart        |    48 |    17 |    14 |     6 |     2 ||    87
       Searing Ray       |    22 |    40 |    74 |    48 |     6 ||   190
       Iskenderun's Myst |       |     8 |    25 |   104 |     8 ||   145
       Lesser Beckoning  |       |       |     4 |       |       ||     4
       Bolt of Magma     |       |       |       |    15 |       ||    15
       Dispersal         |       |       |       |       |     1 ||     1
Evoke: Wand              |       |       |     8 |     4 |       ||    12
  Use: Scroll            |     3 |     9 |     5 |    13 |     1 ||    31
       Potion            |       |       |     1 |     5 |       ||     6
 Stab: Sleeping          |       |       |     1 |       |       ||     1
       Invisible         |       |       |       |     1 |       ||     1
Armor: Robe              |     4 |    11 |    15 |       |       ||    30
       Leather armour    |       |       |     4 |    52 |     2 ||    58
Dodge: Dodged            |    28 |    89 |   118 |   229 |     3 ||   467
Block: Other             |       |       |       |       |     1 ||     1
